 Dungeon Crawl Stone Soup version 0.30-a0-1160-g6e42c06551 (webtiles) character file.

Game seed: 1913637639114770726

1676 LobsterGuardian the Thaumaturge (level 8, 0/33 HPs)
             Began as a Spriggan Venom Mage on Apr 26, 2023.
             Was a Follower of Hepliaklqana.
             Killed by divine providence
             ... invoked by an orc priest
              (14 damage)
             ... on level 7 of the Dungeon.
             The game lasted 00:20:31 (7104 turns).

LobsterGuardian the Thaumaturge (SpVM)              Turns: 7104, Time: 00:20:31

Health: 0/33       AC:  2    Str:  4    XL:     8   Next: 70%
Magic:  6/21       EV: 19    Int: 18    God:    Hepliaklqana [*.....]
Gold:   514        SH: 11    Dex: 22    Spells: 12/23 levels left

rFire   + . .        c - +1 dagger (elec)
rCold   . . .        E - +1 buckler
rNeg    . . .        a - +0 robe
rPois   .            (helmet restricted)
rElec   .            k - scarf {harm}
rCorr   .            (gloves unavailable)
SInv    +            (boots unavailable)
Will    +....        F - amulet of reflection
Stlth   +++          v - +6 ring of dexterity
HPRegen 0.25/turn    w - ring of protection from fire
MPRegen 0.17/turn

%: harm (+30% outgoing, +20% incoming), reflection
@: very quick
A: reduced essence, very small, no large weapons, unfitting armour, see
invisible, speed 3
a: Renounce Religion, Recall Ancestor, Ancestor Identity


You were on level 7 of the Dungeon.
You worshipped Hepliaklqana.
Hepliaklqana was aware of your devotion.
You visited 1 branch of the dungeon, and saw 7 of its levels.
You also visited: Ossuary.

You collected 514 gold pieces.

Inventory:

Hand Weapons
 c - a +1 dagger of electrocution (weapon)
Missiles
 H - a throwing net
Armour
 a - a +0 robe (worn)
 k - a scarf of harm (worn)
 E - a +1 buckler (worn)
Jewellery
 f - a ring of ice
 v - a +6 ring of dexterity (left hand)
 w - a ring of protection from fire (right hand)
 F - an amulet of reflection (around neck)
Wands
 u - a wand of mindburst (8)
 B - a wand of digging (4)
Scrolls
 h - 2 scrolls of teleportation
 i - 3 scrolls of immolation
 j - 4 scrolls of enchant armour
 l - 2 scrolls of vulnerability
 m - a scroll of blinking
 o - a scroll of brand weapon
 t - a scroll of poison
 x - 2 scrolls of fear
 y - 2 scrolls of fog {unknown}
 z - 2 scrolls of amnesia {unknown}
 D - a scroll of noise {unknown}
 I - a scroll of magic mapping {unknown}
Potions
 b - a potion of magic
 d - 8 potions of curing
 e - 3 potions of flight
 g - 5 potions of lignification
 n - a potion of degeneration {unknown}
 p - 2 potions of might {unknown}
 q - a potion of cancellation
 r - 2 potions of heal wounds
 s - a potion of haste
 A - 2 potions of berserk rage {unknown}
 G - a potion of attraction
 J - a potion of brilliance


   Skills:
 + Level 1.3 Fighting
 + Level 4.8 Dodging
 + Level 3.8 Stealth
 + Level 1.2 Shields
 * Level 8.0 Spellcasting
 + Level 0.1 Conjurations
 + Level 4.5 Transmutations
 + Level 1.7 Air Magic
 + Level 1.5 Earth Magic
 + Level 6.3 Poison Magic
 * Level 2.8 Invocations
 + Level 0.8 Evocations


You had 12 spell levels left.
You knew the following spells:

 Your Spells              Type           Power      Damage    Failure   Level
a - Sting                 Tmut/Pois      100%       1d8       1%          1
b - Poisonous Vapours     Pois/Air       42%        N/A       5%          2
c - Mephitic Cloud        Conj/Pois/Air  17%        N/A       19%         3
d - Olgreb's Toxic Radia  Pois           29%        N/A       14%         4
e - Sandblast             Erth           24%        2d8       11%         1

Your spell library contained the following spells:

 Spells                   Type           Power      Damage    Failure   Level
 Passwall                 Tmut/Erth      15%        N/A       9%          2
 Stone Arrow              Conj/Erth      20%        3d8       38%         3
 Summon Guardian Golem    Hex/Summ       7%         N/A       50%         3
 Anguish                  Hex/Necr       3%         N/A       88%         4
 Summon Forest            Summ/Tloc      3%         N/A       99%         5
 Summon Mana Viper        Hex/Summ       7%         N/A       99%         5
 Summon Cactus Giant      Summ           3%         N/A       100%        6
 Enfeeble                 Hex            3%         N/A       100%        7
 Orb of Destruction       Conj           3%         9d5       100%        7
 Spellforged Servitor     Conj/Summ      3%         N/A       100%        7


Dungeon Overview and Level Annotations

Branches:
Dungeon (7/15)            Ossuary (visited)
 Temple: D:4-7

Altars:
Dithmenos
Hepliaklqana
Makhleb
Sif Muna
Vehumet

Shops:
D:1 :


Innate Abilities, Weirdness & Mutations

Your life essence is reduced to manifest your ancestor. (-10% HP)
You are very small and have problems with some larger weapons.
You are too small for most types of armour.
You have supernaturally acute eyesight. (SInv)
You cover ground extremely quickly. (Speed+++)


Message History

Found 14 gold pieces.
Brogan is recalled.
Casting: Olgreb's Toxic Radiance (extremely dangerous; 16% risk of failure)
Confirm with . or Enter, or press ? or * to list all spells.
Aiming: Poisonous Vapours (safe; 6% risk of failure)
Press: ? - help, Dir - move target, f - orc warrior
Aim: an orc warrior, wielding a +0 trident and wearing a +0 plate armour (moderately wounded, poisoned, ally target) Poisonous vapours surround the orc warrior!
The orc warrior looks even sicker.
The orc warrior hits Brogan with a +0 trident!
Brogan hits the orc warrior but does no damage.
Casting: Poisonous Vapours (safe; 6% risk of failure)
Confirm with . or Enter, or press ? or * to list all spells.
Aiming: Poisonous Vapours (safe; 6% risk of failure)
Press: ? - help, Dir - move target, f/p - orc warrior
Aim: an orc warrior, wielding a +0 trident and wearing a +0 plate armour (moderately wounded, very poisoned, ally target) Poisonous vapours surround the orc warrior!
The orc warrior looks as sick as possible!
The orc warrior hits Brogan with a +0 trident!
Brogan hits the orc warrior but does no damage.
Casting: Poisonous Vapours (safe; 6% risk of failure)
Confirm with . or Enter, or press ? or * to list all spells.
Aiming: Poisonous Vapours (safe; 6% risk of failure)
Press: ? - help, Dir - move target, f - orc priest, p - orc warrior
Aim: an orc priest, wielding a +0 club and wearing a +0 ring mail (severely wounded, poisoned) Poisonous vapours surround the orc priest!
The orc priest looks even sicker.
The orc warrior hits Brogan with a +0 trident!
Brogan is destroyed!
You kill the orc warrior!
Your Spellcasting skill increases to level 8!
You now have 514 gold pieces (gained 14).
Aiming: Mindburst
Press: ? - help, Shift-Dir - straight line, f - white imp
Aim: a white imp (chance to affect: 75%)
The white imp's mind is blasted!
You are too injured to fight recklessly!
The orc priest mumbles some strange prayers to Beogh against you.
Beogh smites you!
You die...

#.##e##############.#.#
##.##
#<#.#.ee..............#
###
#.e###.############o###
#..## ..# #5# #.## .#.#
#o# #. #.## #.# #) #
#.# #. ##########o# ..
#...@...5..# ##
.......##########
#######


You could see an orc priest (poisoned) and a white imp.

Vanquished Creatures
  Edmund (D:4)
  Duvessa (D:7)
  A black bear (D:7)
  An orc warrior (D:7)
  A centaur (D:5)
  A bullfrog (D:7)
  3 scorpions (D:6)
  3 wights
  Dowan (D:7)
  A howler monkey (D:5)
  A centaur zombie (Ossuary)
  3 hounds
  A human zombie (Ossuary)
  A gnoll bouda (D:6)
  4 iguanas
  An orc wizard (D:7)
  A scorpion zombie (Ossuary)
  An ogre zombie (Ossuary)
  A mummy (D:7)
  6 adders
  4 gnolls (D:6)
  2 shadow imps
  An ufetubus (D:5)
  An adder zombie (Ossuary)
  3 worms (D:3)
  3 dart slugs
  8 orcs
  5 endoplasms
  4 giant cockroaches
  9 goblins
  5 hobgoblins
  A jackal (D:1)
  9 kobolds
  4 quokkas
  7 ball pythons
  6 bats
  7 frilled lizards
  2 goblin zombies (Ossuary)
  3 hobgoblin zombies (Ossuary)
  2 orc zombies (Ossuary)
  3 rats
123 creatures vanquished.

Vanquished Creatures (collateral kills)
  A bullfrog zombie (Ossuary)
  A centaur zombie (Ossuary)
  A human zombie (Ossuary)
  A scorpion zombie (Ossuary)
  2 adder zombies (Ossuary)
  2 goblin zombies (Ossuary)
8 creatures vanquished.

Vanquished Creatures (others)
  3 ancestors
3 creatures vanquished.

Grand Total: 134 creatures vanquished

Notes
Turn   | Place    | Note
-------+----------+-------------------------------------------
     0 | D:1      | LobsterGuardian the Spriggan Venom Mage began the quest for
                  | the Orb.
     0 | D:1      | Reached XP level 1. HP: 9/9 MP: 5/5
   243 | D:1      | Reached XP level 2. HP: 13/13 MP: 6/6
   577 | D:1      | Found Pexkonto's Book Boutique.
  1210 | D:2      | Learned a level 2 spell: Poisonous Vapours
  1307 | D:2      | Reached XP level 3. HP: 16/16 MP: 6/8
  1311 | D:2      | Learned a level 3 spell: Mephitic Cloud
  1371 | D:2      | Reached skill level 3 in Spellcasting
  2114 | D:3      | Reached XP level 4. HP: 21/21 MP: 7/9
  3543 | D:4      | Noticed Edmund
  3562 | D:4      | Killed Edmund
  3563 | D:4      | Reached skill level 4 in Spellcasting
  3563 | D:4      | Reached skill level 5 in Poison Magic
  3563 | D:4      | Reached XP level 5. HP: 10/24 MP: 4/12
  3630 | D:4      | Found a shimmering blue altar of Sif Muna.
  3759 | D:5      | Entered Level 5 of the Dungeon
  3791 | D:5      | Learned a level 4 spell: Olgreb's Toxic Radiance
  3860 | D:5      | Found a radiant altar of Vehumet.
  4230 | D:5      | Noticed a centaur
  4238 | D:5      | Killed a centaur
  4239 | D:5      | Reached XP level 6. HP: 23/29 MP: 9/13
  4485 | D:5      | Reached skill level 1 in Fighting
  4805 | D:6      | Reached skill level 5 in Spellcasting
  4868 | D:6      | Found a hazy altar of Hepliaklqana.
  4871 | D:6      | Found a shadowy altar of Dithmenos.
  4871 | D:6      | Noticed a shadow
  4886 | D:6      | Reached XP level 7. HP: 18/33 MP: 11/15
  4888 | D:6      | Became a worshipper of Hepliaklqana the Forgotten
  5042 | D:6      | Reached skill level 1 in Air Magic
  5215 | D:6      | Reached skill level 1 in Invocations
  5451 | D:6      | Found a burning altar of Makhleb.
  5634 | D:6      | Reached skill level 6 in Spellcasting
  6189 | D:7      | Noticed Duvessa
  6189 | D:7      | Noticed Dowan
  6276 | D:7      | Reached XP level 8. HP: 37/37 MP: 4/19
  6414 | D:7      | Reached skill level 7 in Spellcasting
  6431 | D:7      | Killed Duvessa
  6539 | D:7      | Found a sand-covered staircase.
  6545 | D:7      | Learned a level 1 spell: Sandblast
  6546 | Ossuary  | Entered an ossuary
  6550 | Ossuary  | Reached * piety under Hepliaklqana
  6953 | Ossuary  | Reached skill level 1 in Earth Magic
  6998 | Ossuary  | Reached skill level 1 in Shields
  7008 | Ossuary  | Noticed a silent spectre
  7077 | D:7      | Killed Dowan
  7100 | D:7      | Reached skill level 8 in Spellcasting
  7104 | D:7      | Killed from afar by an orc priest

Illustrated notes

Levels and vault maps discovered:
D:1:      dpeg_arrival_tiny_i, layout_basic, serial_shops, shop,
          grunt_decor_arrowhead, minmay_pentomino_u4
D:2:      layout_basic
D:3:      layout_basic, glass_columns_c, hangedman_glass_teeth,
          minmay_liquid_box, minmay_misc_feat_x, minmay_distorted
D:4:      layout_gridville, general_overflow_altar, minmay_unequal, uniq_edmund
D:5:      layout_layer_cave, mainiacjoe_overflow_brackets
D:6:      layout_loops_corners, marbit_many_paths,
          riverfiend_overflow_shadow_ancestor, serial_rivers,
          chequers_serial_rivers_small_a, chequers_serial_rivers_micro_e,
          chequers_serial_rivers_micro_e, chequers_serial_rivers_room_a,
          chequers_serial_rivers_micro_a
D:7:      layout_loops_ring, temple_green, nicolae_ossuary_entry_giza,
          chequers_serial_rivers_small_b, uniq_crazy_yiuf_cottage, uniq_duvessa,
          uniq_menkaure

Skill      XL: |  1  2  3  4  5  6  7  8 |
---------------+-------------------------+-----
Poison Magic   | 4 5 6 |  6.3
Spellcasting   | 3 4 5 6 8 |  8.0
Transmutations | 2 3 4 |  4.5
Dodging        | 3 4 |  4.8
Fighting       | 1 |  1.3
Air Magic      | 1 |  1.7
Invocations    | 1 2 |  2.8
Earth Magic    | 1 |  1.5
Shields        | 1 |  1.2
Stealth        | |  3.8
Conjurations   | |  0.1
Evocations     | |  0.8

Action                     |  1- 3 |  4- 6 |  7- 9 || total
---------------------------+-------+-------+-------++-------
  Melee: Dagger            |    31 |    56 |    91 ||   178
   Cast: Sting             |    44 |    60 |    37 ||   141
         Poisonous Vapours |     2 |     8 |    17 ||    27
         Mephitic Cloud    |       |       |     3 ||     3
         Sandblast         |       |       |    16 ||    16
         Olgreb's Toxic Ra |       |       |     1 ||     1
 Invoke: Recall Ancestor   |       |       |     1 ||     1
         Ancestor Identity |       |       |     1 ||     1
  Evoke: Wand              |       |       |     4 ||     4
    Use: Scroll            |     6 |     4 |     8 ||    18
   Stab: Sleeping          |     5 |     7 |     8 ||    20
         Distracted        |       |       |     1 ||     1
         Confused          |       |       |     1 ||     1
 Armour: Robe              |     6 |     6 |     4 ||    16
  Dodge: Dodged            |    29 |    69 |    78 ||   176
  Block: Buckler           |       |     3 |    64 ||    67

Table legend: (Time is in decaauts)
 A = Elapsed time spent in this place.
 B = Non-inter-level travel time spent in this place.
 C = Inter-level travel time spent in this place.
 D = Time resting spent in this place.
 E = Time spent auto-exploring this place.
 F = Levels seen in this place.
 G = Mean time per level.
                   A        B        C        D        E       F      G
               +--------+--------+--------+--------+--------+-----+--------+
         Total |   5232 |   5123 |    109 |    159 |   4057 |   8 |  654.0 |
       Dungeon |   4776 |   4667 |    109 |     21 |   3893 |   7 |  682.3 |
       Ossuary |    455 |    455 |      0 |    138 |    164 |   1 |  455.0 |
               +--------+--------+--------+--------+--------+-----+--------+

Top non-repeatable levels by time:
     D:6: 1083 daAuts
     D:1: 792 daAuts
     D:3: 744 daAuts
     D:4: 739 daAuts
     D:5: 676 daAuts
 Ossuary: 455 daAuts
     D:2: 429 daAuts
     D:7: 311 daAuts
